 Dungeon Crawl Stone Soup version 0.17-a0-2118-g63bad21 (webtiles) character file.

324 4thArraOfDagon the Poker (level 6, -7/47 HPs)
             Began as a Demonspawn Gladiator on Oct 20, 2015.
             Shot with a sling bullet by Joseph (8 damage)
             ... on level 7 of the Dungeon.
             The game lasted 00:06:37 (1319 turns).

4thArraOfDagon the Poker (Demonspawn Gladiator)     Turns: 1319, Time: 00:06:37

Health: -7/47      AC:  6    Str: 16    XL:     6   Next: 23%
Magic:  6/6        EV: 14    Int: 11    God:
Gold:   188        SH:  0    Dex: 17    Spells: 0 memorised, 5 levels left

rFire  . . .     SeeInvis .     a - +0 trident
rCold  . . .     Clarity  .     c - +0 leather armour "Hubbaxod" {rElec Dex+4} (curse)
rNeg   . . .     SustAt   .     (no shield)
rPois  .         Gourm    .     (helmet restricted)
rElec  +         Spirit   .     n - +0 cloak
rCorr  .         Warding  .     (no gloves)
rMut   .         Stasis   .     (no boots)
MR     .....                    (no amulet)
Stlth  +.........               (no ring)
                                (no ring)

@: not resistant to hostile enchantments, very unstealthy
A: horns 2, yellow scales 1
a: no special abilities


You were on level 7 of the Dungeon.
You were not hungry.

You visited 2 branches of the dungeon, and saw 9 of its levels.

You collected 188 gold pieces.

Inventory:

Hand Weapons
 a - a +0 trident (weapon)
Armour
 c - the cursed +0 leather armour "Hubbaxod" (worn) {rElec Dex+4}
   (You found it on level 6 of the Dungeon)

   It affects your dexterity (+4).
   It insulates you from electricity.
   It has a curse placed upon it.
 h - a +0 chain mail
 n - a +0 cloak (worn)
Rods
 j - a +1 rod of clouds (0/14)
   (You found it on level 6 of the Dungeon)
Wands
 k - a wand of flame (14)
 o - a wand of flame (22)
 p - a wand of teleportation (5)
Scrolls
 b - a scroll of teleportation {unknown}
 i - a scroll of identify
 l - a scroll of magic mapping
 m - a scroll of remove curse {unknown}
Potions
 g - a potion of haste
Books
 d - a book of the Tempests

   Spells                             Type                      Level
   a - Static Discharge               Conjuration/Air              3
   b - Lightning Bolt                 Conjuration/Air              5
   c - Fireball                       Conjuration/Fire             5
   d - Tornado                        Air                          9
   e - Shatter                        Earth                        9
Comestibles
 e - 2 bread rations
 f - 2 meat rations


   Skills:
 + Level 3.6 Fighting
 * Level 4.8 Polearms
 - Level 1.7 Throwing
 + Level 4.0 Dodging


You had 5 spell levels left.
You didn't know any spells.

Dungeon Overview and Level Annotations

Branches:
Dungeon (8/15)             Temple (1/1) D:7
   Lair: D:8-11

Altars:
Dithmenos
Elyvilon
Fedhas
Makhleb
Okawaru
Sif Muna
Vehumet
Xom
Zin

Annotations:
D:4 Eustachio
D:7 Joseph


Innate Abilities, Weirdness & Mutations

You have a pair of horns on your head.
You are partially covered in yellow scales (AC +2).


Message History

Joseph unwields an uncursed hunting sling.
Joseph wields an uncursed quarterstaff of protection.
Joseph hits you with an uncursed quarterstaff of protection.
* * * LOW HITPOINT WARNING * * *
Unknown command.
Unknown command.
You hit Joseph.
Joseph is heavily wounded.
Joseph is engulfed in poison gas.
Joseph hits you with an uncursed quarterstaff of protection!
* * * LOW HITPOINT WARNING * * *
Unknown command.
Unknown command.
Unknown command.
Joseph is engulfed in poison gas.
Unknown command.
Joseph unwields an uncursed quarterstaff of protection.
Joseph wields an uncursed hunting sling.
Joseph shoots a sling bullet.
The sling bullet hits you!
You die...

#...# #... #...#
##### ##...#
####....####
..........$#
......8.8.8.#
####...⌠.⌠..#
#..8.>.8§#
##..⌠(§§@#####.#
#.8.8§8........
#..((.@..####..
#####.(..#
######


You could see Joseph.

Vanquished Creatures
  A centaur (D:7)
  Blork the orc (D:6)
  A crimson imp (D:5)
  An orc priest (D:5)
  A hound (D:7)
  An orc wizard (D:5)
  A hound skeleton (D:6)
  An adder skeleton (D:6)
  A worm (D:5)
  A giant gecko (D:5)
  8 orcs
  3 bats
  3 giant cockroaches
  2 goblins (D:2)
  3 hobgoblins
  3 jackals (D:7)
  2 quokkas
  3 giant newts
  4 kobolds
  2 rats
43 creatures vanquished.

Notes
Turn   | Place    | Note
--------------------------------------------------------------
     0 | D:1      | 4thArraOfDagon the Demonspawn Gladiator began the quest for the Orb.
     0 | D:1      | Reached XP level 1. HP: 16/16 MP: 1/1
   199 | D:2      | Gained mutation: You have a pair of small horns on your head. [demonic ancestry]
   199 | D:2      | Reached XP level 2. HP: 20/22 MP: 2/2
   322 | D:2      | Reached skill level 3 in Polearms
   408 | D:5      | Entered Level 5 of the Dungeon
   462 | D:4      | Noticed Eustachio
   498 | D:5      | Gained mutation: You have a pair of horns on your head. [demonic ancestry]
   498 | D:5      | Reached XP level 3. HP: 12/28 MP: 3/3
   513 | D:5      | Gained mutation: You are partially covered in yellow scales (AC +2). [demonic ancestry]
   513 | D:5      | Reached XP level 4. HP: 9/34 MP: 4/4
   620 | D:5      | Found a blossoming altar of Fedhas.
   676 | D:5      | Noticed a balrug
   677 | D:5      | Found a burning altar of Makhleb.
   680 | D:5      | Found a glowing silver altar of Zin.
   680 | D:5      | Noticed an angel
   774 | D:5      | Reached skill level 4 in Polearms
   814 | D:6      | Reached XP level 5. HP: 18/41 MP: 5/5
   849 | D:6      | Got a fine leather armour
   860 | D:6      | Identified the cursed +0 leather armour "Hubbaxod" {rElec Dex+4} (You found it on level 6 of the Dungeon)
   868 | D:6      | Noticed a phantom
   876 | D:6      | Identified a +1 rod of clouds (14/14) (You found it on level 6 of the Dungeon)
   910 | D:6      | Noticed Blork the orc
   924 | D:6      | Killed Blork the orc
   934 | D:6      | Found a shadowy altar of Dithmenos.
  1002 | D:7      | Noticed a sky beast
  1024 | D:7      | Noticed a centaur
  1030 | D:7      | Killed a centaur
  1030 | D:7      | Reached XP level 6. HP: 24/47 MP: 6/6
  1095 | D:7      | Noticed Joseph
  1227 | D:7      | Found a staircase to the Ecumenical Temple.
  1237 | Temple   | Entered the Ecumenical Temple
  1317 | D:7      | HP: 1/47 [Joseph/uncursed quarterstaff of protection (13)]
  1319 | D:7      | Shot with a sling bullet by Joseph

Vault maps used:
D:1:      lightli_arrival_boilingwater
D:2:      kiku_gazebo_garden_becter, first_bread, uniq_natasha
D:3:      minmay_statues_item, minivault_23, uniq_grinder, uniq_iyjb
D:4:      nicolae_ru_path_of_blood, nicolae_ashenzari_panopticon,
          cheibriados_altar_1, serial_column_ruins, column_ruins_square_small,
          column_ruins_open_small_water, column_ruins_grid_1,
          column_ruins_open_large, column_ruins_open_small,
          column_ruins_corridor_plus, wad_woods_river_04,
          kennysheep_cluttered_room, uniq_edmund, uniq_eustachio
D:5:      grunt_temple_overflow_order_and_chaos_2, lightli_temple_of_fire,
          fedhas_altar_1
D:6:      grunt_dithmenos_smoke, uniq_blork_the_orc
D:7:      minmay_temple_entry_statues_fountains, serial_shops,
          kennysheep_mini_moat, the_bakery, uniq_joseph
D:8:      lemuel_ice_spiral_2, nemelex_deck, lemuel_zombie_altar_yredelemnul,
          lemuel_crystal_altar, grunt_temple_overflow_open,
          hangedman_decor_points
Temple:   nicolae_temple_hex_pool_5

Action                   |  1- 3 |  4- 6 || total
-------------------------+-------+-------++-------
Melee: Trident           |    83 |   112 ||   195
Throw: Throwing net      |     2 |     2 ||     4
Evoke: Rod               |       |     6 ||     6
  Use: Potion            |     2 |       ||     2
       Scroll            |       |     3 ||     3
 Stab: Held in net/web   |     2 |       ||     2
       Sleeping          |     1 |     1 ||     2
       Confused          |       |     5 ||     5
  Eat: Beef jerky        |       |     1 ||     1
       Chunk             |       |     1 ||     1
       Bread ration      |       |     1 ||     1
